 Dungeon Crawl Stone Soup version 0.24-a0-537-g2d01d4ab0a (webtiles) character file.

Game seed: 12521254958294347745

12694 Ijustatesigmund the Fighter (level 11, -2/123 HPs)
             Began as an Ogre Fighter on Aug 16, 2019.
             Was a High Priest of Okawaru.
             Slain by a catoblepas (27 damage)
             ... on level 13 of the Dungeon.
             The game lasted 00:27:22 (15894 turns).

Ijustatesigmund the Fighter (Ogre Fighter)         Turns: 15894, Time: 00:27:22

Health: -2/123     AC:  5    Str: 22    XL:     11   Next: 97%
Magic:  9/9        EV: 15    Int: 14    God:    Okawaru [*****.]
Gold:   548        SH: 10    Dex: 14    Spells: 10/10 levels left

rFire    + . .     SeeInvis .   a - +3 flail (holy)
rCold    + + +     Gourm    .   c - +1 shield
rNeg     + . .     Faith    .   b - +0 robe
rPois    +         Spirit   .   C - +0 hat
rElec    .         Reflect  .   o - +1 cloak of the Louse {rF+ rN+ Int+3}
rCorr    .         Harm     .   (gloves unavailable)
MR       +....                  (boots unavailable)
Stlth    +.........             (no amulet)
HPRegen  0.30/turn              y - ring of poison resistance
MPRegen  0.11/turn              A - ring "Tumomeh" {rC+++ MP-9 Int+2 Dex+3}

@: about to teleport, studying Dodging
A: large, unfitting armour, tough skin 1
a: Heroism, Finesse, Renounce Religion


You were on level 13 of the Dungeon.
You worshipped Okawaru.
Okawaru was extremely pleased with you.
You were hungry.

You visited 2 branches of the dungeon, and saw 14 of its levels.

You collected 753 gold pieces.
You spent 205 gold pieces at shops.

Inventory:

Hand Weapons
 a - a +3 flail of holy wrath (weapon)
Missiles
 g - 5 silver javelins
 s - a throwing net (quivered)
Armour
 b - a +0 robe (worn)
 c - a +1 shield (worn)
 o - the +1 cloak of the Louse (worn) {rF+ rN+ Int+3}
   (You bought it in a shop on level 5 of the Dungeon)

   It affects your intelligence (+3).
   It protects you from fire.
   It protects you from negative energy.
 C - a +0 hat (worn)
Jewellery
 h - an uncursed ring of flight
 l - an uncursed ring of protection from fire
 y - a ring of poison resistance (left hand)
 A - the ring "Tumomeh" (right hand) {rC+++ MP-9 Int+2 Dex+3}
   (You found it on level 9 of the Dungeon)

   [ring of dexterity]

   It affects your intelligence (+2).
   It affects your dexterity (+3).
   It renders you almost immune to cold.
   It affects your magic capacity (-9).
 B - an uncursed ring of resist corrosion
Wands
 q - a wand of iceblast (12)
 r - a wand of random effects (6)
 E - a wand of clouds (4)
 F - a wand of polymorph (9)
Scrolls
 d - 3 scrolls of remove curse
 e - 3 scrolls of fog
 i - 5 scrolls of teleportation
 j - a scroll of amnesia
 k - a scroll of enchant armour
 u - 3 scrolls of magic mapping
 w - 2 scrolls of fear
 D - a scroll of immolation
 H - 2 scrolls of identify
Potions
 m - 4 potions of curing
 n - a potion of heal wounds
 t - a potion of invisibility
 v - 3 potions of ambrosia
 z - a potion of cancellation
 G - a potion of resistance
 I - 2 potions of brilliance
Books
 p - a manual of Dodging
Comestibles
 f - 14 rations


   Skills:
 + Level 11.9 Fighting
 + Level 9.7 Maces & Flails
 + Level 11.5 Dodging
 - Level 2.6 Shields
 + Level 10.5 Invocations


You had 10 spell levels left.
You didn't know any spells.
Your spell library contained the following spells:

 Spells                   Type           Power        Failure   Level  Hunger
 Flame Tongue             Conj/Fire      #....        75%         1    ##.....
 Magic Dart               Conj           #...         75%         1    ##.....
 Blink                    Tloc           N/A          86%         2    ###....
 Call Imp                 Summ           #.......     86%         2    ###....
 Slow                     Hex            #.......     86%         2    ###....
 Throw Flame              Conj/Fire      #.....       86%         2    ###....
 Conjure Flame            Conj/Fire      #.......     98%         3    ####...
 Inner Flame              Hex/Fire       #.......     98%         3    ####...
 Mephitic Cloud           Conj/Pois/Air  #.......     98%         3    ####...
 Sticky Flame             Conj/Fire      #.......     100%        4    #####..
 Fireball                 Conj/Fire      #.........   100%        5    ######.


Dungeon Overview and Level Annotations

Branches:
Dungeon (13/15)            Temple (1/1) D:5            Lair (0/6) D:10
    Orc (0/2) D:9
 Vaults: D:13-14

Altars:
Dithmenos
Elyvilon
Fedhas
Gozag
Nemelex Xobeh
Okawaru
Qazlal
Sif Muna
Trog
Uskayaw
Wu Jian
Xom
Yredelemnul

Shops:
D:5 ?(*

Annotations:
D:4 exclusion: oklob plant


Innate Abilities, Weirdness & Mutations

You are too large for most types of armour.
You have tough skin. (AC +1)


Message History

The catoblepas gores you but does no damage.
You are engulfed in calcifying dust.
The catoblepas gores you!!
You are engulfed in calcifying dust.
The catoblepas breathes a plume of calcifying dust at you.
The blast of calcifying dust hits you.
You are engulfed in calcifying dust.
The catoblepas gores you.
You are engulfed in calcifying dust.
The catoblepas gores you. The catoblepas gores you! The catoblepas gores you!!
The catoblepas breathes a plume of calcifying dust at you.
The blast of calcifying dust hits you.
You are engulfed in calcifying dust.
The catoblepas gores you!
You turn to flesh and can move again.
The catoblepas breathes a plume of calcifying dust at you.
The blast of calcifying dust hits you. The catoblepas gores you!!
* * * LOW HITPOINT WARNING * * *
As you read the scroll of teleportation, it crumbles to dust.
You feel strangely unstable. The catoblepas gores you!!
You die...

.##.######..#
.##.#######.#####.##
.........).........
.......####..####.#
...^...# ##.####.###
.......# #....$...#
.......# #........#
.......# #§§§§Y...#
.......# #...§@...#
.......# #..§.....#
###+###
#..§..........
#.§.##....[..#
..§.####.....## #
..§:# #...## . ....
#+## # ...


You could see a catoblepas.

Vanquished Creatures
  3 two-headed ogres
  A deep elf mage (D:13)
  4 gargoyles
  A troll (D:13)
  A hippogriff (D:12)
  2 hornets
  21 yaks
  2 wyverns
  A hungry ghost (D:9)
  A soldier ant (D:10)
  3 orc warriors
  3 phantoms
  2 necrophages
  A hornet zombie (D:13)
  3 sky beasts
  2 black bears
  7 ogres
  2 centaurs
  2 big kobolds
  6 bullfrogs
  A wyvern zombie (D:13)
  4 scorpions
  A water moccasin skeleton (D:8)
  6 killer bees (D:13)
  7 howler monkeys
  8 crimson imps
  6 hounds
  9 orc wizards
  2 bullfrog skeletons
  3 iguanas
  5 jellies
  3 orc priests
  9 worker ants
  Terence (D:3)
  2 hound skeletons
  4 gnolls (D:5)
  9 adders
  4 oozes
  2 adder zombies (D:5)
  5 adder skeletons
  6 worms
  3 dart slugs
  11 leopard geckos
  32 orcs
  4 giant cockroaches
  7 goblins
  7 hobgoblins
  8 jackals
  18 kobolds
  7 quokkas
  8 bats
  5 frilled lizards
  A quokka skeleton (D:5)
  5 rats
281 creatures vanquished.

Notes
Turn   | Place    | Note
-------+----------+-------------------------------------------
     0 | D:1      | Ijustatesigmund the Ogre Fighter began the quest for the
                  | Orb.
     0 | D:1      | Reached XP level 1. HP: 24/24 MP: 1/1
   428 | D:1      | Reached XP level 2. HP: 31/32 MP: 2/2
  1093 | D:2      | Reached XP level 3. HP: 37/40 MP: 3/3
  1416 | D:2      | Found a stormy altar of Qazlal.
  1936 | D:3      | Reached XP level 4. HP: 38/49 MP: 4/4
  2060 | D:3      | Reached skill level 5 in Fighting
  2087 | D:3      | Found a faded altar of an unknown god.
  2422 | D:3      | Noticed Terence
  2438 | D:3      | Killed Terence
  2759 | D:4      | Reached XP level 5. HP: 54/57 MP: 5/5
  2780 | D:4      | Found a blossoming altar of Fedhas.
  2794 | D:4      | Noticed an oklob plant
  3378 | D:4      | Reached XP level 6. HP: 50/67 MP: 6/6
  3808 | D:5      | Entered Level 5 of the Dungeon
  3824 | D:5      | Found a staircase to the Ecumenical Temple.
  3855 | Temple   | Entered the Ecumenical Temple
  3910 | Temple   | Became a worshipper of Warmaster Okawaru
  4003 | D:5      | Reached skill level 5 in Maces & Flails
  4003 | D:5      | Reached skill level 1 in Invocations
  4051 | D:5      | Reached XP level 7. HP: 42/76 MP: 8/8
  4067 | D:5      | Reached * piety under Okawaru
  4483 | D:5      | Found Hakhimas's Assorted Antiques.
  4515 | D:5      | Found Raket's Weapon Emporium.
  4678 | D:5      | Bought a scorched cloak for 171 gold pieces
  4678 | D:5      | Bought a scroll labeled CADORIZ WEUMUE for 18 gold pieces
  4683 | D:5      | Identified the +1 cloak of the Louse {rF+ rN+ Int+3} (You
                  | bought it in a shop on level 5 of the Dungeon)
  5047 | D:5      | Found Houtet's Magic Scroll Boutique.
  5148 | D:5      | Reached XP level 8. HP: 63/87 MP: 10/10
  5906 | D:6      | Noticed a hornet
  5909 | D:6      | Paralysed by a hornet for 1 turns
  6197 | D:6      | Killed a hornet
  6391 | D:7      | Reached ** piety under Okawaru
  6511 | D:7      | Reached skill level 5 in Invocations
  6789 | D:7      | Reached XP level 9. HP: 77/96 MP: 13/13
  6927 | D:7      | Reached skill level 5 in Dodging
  8251 | D:7      | Reached *** piety under Okawaru
  9865 | D:5      | Bought an orange potion for 16 gold pieces
  9986 | D:9      | Found a staircase to the Orcish Mines.
 10159 | D:8      | Reached **** piety under Okawaru
 10159 | D:8      | Reached XP level 10. HP: 88/107 MP: 15/15
 11426 | D:9      | Reached ***** piety under Okawaru
 11470 | D:9      | Got a brightly glowing iron ring
 11685 | D:10     | Entered Level 10 of the Dungeon
 11925 | D:10     | Identified the ring "Tumomeh" {rC+++ MP-9 Int+2 Dex+3} (You
                  | found it on level 9 of the Dungeon)
 12010 | D:10     | Noticed a gargoyle
 12020 | D:10     | Killed a gargoyle
 12155 | D:10     | Reached skill level 10 in Fighting
 12168 | D:10     | Noticed a two-headed ogre
 12181 | D:9      | Killed a two-headed ogre
 12181 | D:9      | Received a gift from Okawaru
 12477 | D:10     | Found a staircase to the Lair.
 12506 | D:10     | Reached skill level 10 in Dodging
 12506 | D:10     | Reached XP level 11. HP: 109/119 MP: 6/17
 12927 | D:11     | Noticed a two-headed ogre
 12947 | D:11     | Killed a two-headed ogre
 14003 | D:12     | Reached skill level 10 in Invocations
 15275 | D:13     | Noticed a two-headed ogre
 15277 | D:13     | Noticed a deep elf mage
 15282 | D:13     | Killed a two-headed ogre
 15295 | D:13     | Killed a deep elf mage
 15593 | D:13     | Paralysed by a hornet for 1 turns
 15596 | D:13     | Received a gift from Okawaru
 15874 | D:13     | Noticed a catoblepas
 15894 | D:13     | Slain by a catoblepas

Levels and vault maps discovered:
D:1:      lightli_arrival_quake, layout_loops_cross
D:2:      layout_loops_ring, grunt_qazlal_sundering, hangedman_decor_slide_cut,
          fountainhead, minmay_misc_feat_alley
D:3:      layout_basic, first_ration, chequers_ecumenical_altar_simple_redux,
          uniq_terence
D:4:      layout_loops_ring, minmay_misc_feat_encased, tgw_fedhas
D:5:      layout_loops_cross, minmay_temple_entry_hall, serial_shops, shop,
          nicolae_shop_temple_entry_statues_fountains, shop
D:6:      layout_basic, minmay_manual_macuahuitl
D:7:      layout_gridville
D:8:      layout_loops_corners
D:9:      layout_long_grid, orc_0_dummy
D:10:     layout_long_grid, lair_entry_dummy
D:11:     layout_rooms
D:12:     layout_roguey
D:13:     layout_basic, lightli_vaults_fourway_checkpoint, uniq_erolcha
Temple:   regret_index_temple_sigil_plot

Skill      XL: |  1  2  3  4  5  6  7  8  9 10 11 |
---------------+----------------------------------+-----
Maces & Flails | 2 3 4 5 6 7 8 9 |  9.7
Fighting       | 5 6 7 8 9 10 11 | 11.9
Invocations    | 1 3 5 7 9 10 | 10.5
Dodging        | 4 8 10 11 | 11.5
Shields        | |  2.6

Action                   |  1- 3 |  4- 6 |  7- 9 | 10-12 || total
-------------------------+-------+-------+-------+-------++-------
Melee: Flail             |   130 |   208 |   428 |   446 ||  1212
Throw: Throwing net      |       |       |     1 |       ||     1
Invok: Heroism           |       |       |       |     5 ||     5
       Finesse           |       |       |       |     2 ||     2
Evoke: Wand              |       |       |     4 |    10 ||    14
  Use: Scroll            |     5 |     6 |     6 |     7 ||    24
       Potion            |       |     9 |     7 |       ||    16
 Stab: Sleeping          |       |     1 |     1 |     1 ||     3
       Paralysed         |       |       |     4 |       ||     4
  Eat: Chunk             |     3 |     7 |    14 |    15 ||    39
       Ration            |       |       |     2 |     1 ||     3
Armor: Robe              |    43 |    25 |    98 |    71 ||   237
       Skin              |       |     5 |     6 |    19 ||    30
Dodge: Dodged            |    34 |    58 |   134 |   197 ||   423
Block: Shield            |    74 |    92 |   178 |   222 ||   566

Table legend:
 A = Non-vault XP
 B = Vault XP
 C = Vault XP percentage of total XP
 D = Non-vault monster count
 E = Vault monster count
 F = Vault count percentage of total count
                 A         B        C        D         E       F
            +---------+---------+-------+---------+---------+-------
      Total |   17811 |     324 |   1.8 |     277 |       4 |   1.4
            +---------+---------+-------+---------+---------+-------
        D:1 |      23 |       0 |   0.0 |      14 |       0 |   0.0
        D:2 |      50 |       0 |   0.0 |      22 |       0 |   0.0
        D:3 |      58 |      32 |  35.6 |      19 |       1 |   5.0
        D:4 |     172 |       0 |   0.0 |      11 |       0 |   0.0
        D:5 |     887 |       0 |   0.0 |      44 |       0 |   0.0
        D:6 |     506 |     292 |  36.6 |      12 |       3 |  20.0
        D:7 |    1165 |       0 |   0.0 |      33 |       0 |   0.0
        D:8 |    1080 |       0 |   0.0 |      17 |       0 |   0.0
        D:9 |    3325 |       0 |   0.0 |      26 |       0 |   0.0
       D:10 |    1871 |       0 |   0.0 |      14 |       0 |   0.0
       D:11 |    3590 |       0 |   0.0 |      36 |       0 |   0.0
       D:12 |    2380 |       0 |   0.0 |      15 |       0 |   0.0
       D:13 |    2704 |       0 |   0.0 |      14 |       0 |   0.0
            +---------+---------+-------+---------+---------+-------
